[Event "Titled Tuesday Blitz January 03 Early 2023"]
[White "Janaszak, Dawid"]
[Black "Blokhin, Sofia"]
[WhiteFideId "1119206"]
[BlackFideId "4508190"]
[WhiteElo "2316"]
[BlackElo "2062"]
[Result "0-1"]
[Round "01"]
[TimeControl "180+2"]
[Date "2023.01.03"]
[WhiteClock "0:00:04"]
[BlackClock "0:00:04"]

1. e4 c5 2. Nc3 e6 3. d4 cxd4 4. Qxd4 Nc6 5. Qe3 Nf6 6. Bd2 Be7 7. O-O-O d6 8. f4 a6 9. Nf3 Qc7 10. h3 b5 11. g4 Bb7 12. g5 Nd7 13. f5 b4 14. Na4 Rc8 15. Bd3 e5 16. g6 hxg6 17. fxg6 f5 18. Kb1 f4 19. Qg1 Qa5 20. b3 Nc5 21. Nxc5 dxc5 22. Bc4 Qc7 23. Qg4 Nd4 24. Rhe1 Bc6 25. Nxe5 Rh4 26. Bf7+ Kf8 27. Bxf4 Rxg4 28. hxg4 Bd6 29. Rh1 Bxe5 30. Bg5 Bf6 31. Bc1 Ne2 32. Bd2 Nc3+ 33. Bxc3 bxc3 34. g5 Bxg5 35. e5 Qxe5 36. Rhe1 Be4 37. Re2 Rd8 38. Rde1 Ke7 39. a4 Rd4 40. Bc4 Kd6 41. Bd3 Kd5 42. Bxa6 Qf4 43. Bb7+ Kd6 44. Bxe4 Rxe4 45. Rxe4 Qd2 46. Re6+ Kc7 47. R6e5 Bf6 48. R5e4 Qd6 49. Re6 Qd5 50. R6e4 c4 51. Rxc4+ Kb7 52. Rf1 Qd6 53. Re4 Qa3 54. Rb4+ Qxb4 55. Rxf6 gxf6 56. g7 Qg4 57. Ka2 Qxg7 58. a5 Qg1 0-1


[Site "https://www.chess.com"]

[Event "Titled Tuesday Blitz January 03 Early 2023"]
[White "Sailer, Mike"]
[Black "Iskusnyh, Sergei"]
[WhiteFideId "2012901"]
[BlackFideId "4120027"]
[WhiteElo "2109"]
[BlackElo "2440"]
[Result "1-0"]
[Round "01"]
[TimeControl "180+2"]
[Date "2023.01.03"]
[WhiteClock "0:00:18"]
[BlackClock "0:00:34"]

1. d4 d5 2. Bf4 Nf6 3. e3 c5 4. Nc3 cxd4 5. exd4 Bg4 6. Bb5+ Nc6 7. Nge2 e6 8. O-O Be7 9. h3 Bh5 10. Qd2 O-O 11. Bh2 Qb6 12. Bxc6 Qxc6 13. Nf4 Bg6 14. Nxg6 hxg6 15. f3 Bb4 16. Qd3 Bxc3 17. bxc3 Rfc8 18. Rfb1 b6 19. Rb3 Qc4 20. a4 Rc6 21. a5 Rac8 22. axb6 axb6 23. Bf4 Qxd3 24. cxd3 Rxc3 25. Rxb6 Rxd3 26. Be5 Nd7 27. Rb7 Nxe5 28. dxe5 g5 29. Raa7 Rf8 30. Kf2 Rd2+ 31. Kg3 Re2 32. f4 gxf4+ 33. Kf3 Rxg2 34. Kxg2 g5 35. Kf3 Kg7 36. Kg4 Kg6 37. Re7 Rh8 38. Rxf7 Rh4+ 39. Kf3 Rxh3+ 40. Kf2 Re3 41. Rf6+ Kh5 42. Rxe6 d4 43. Rd7 d3 44. Red6 Re2+ 45. Kf3 Re3+ 46. Kf2 Re1 47. Kxe1 Kg4 48. e6 Kg3 49. Rxd3+ Kg2 50. e7 g4 51. e8=Q f3 52. Qe3 Kg3 53. Qf2+ Kh3 54. Rh7# 1-0


[Site "https://www.chess.com"]

[Event "Titled Tuesday Blitz January 03 Early 2023"]
[White "Yaran, Siar"]
[Black "Larina, Maria"]
[WhiteFideId "6323006"]
[BlackFideId "24113182"]
[WhiteElo "2288"]
[BlackElo "1948"]
[Result "1-0"]
[Round "01"]
[TimeControl "180+2"]
[Date "2023.01.03"]
[WhiteClock "0:00:09"]
[BlackClock "0:00:07"]

1. d4 f5 2. Nc3 Nf6 3. g3 g6 4. Nh3 Bg7 5. Bg2 d6 6. d5 c6 7. Nf4 e5 8. dxe6 Qe7 9. h4 O-O 10. h5 g5 11. h6 Bh8 12. Nh5 Ng4 13. Qd2 Bxe6 14. Qxg5+ Qxg5 15. Bxg5 Nd7 16. f3 Ngf6 17. Nf4 Bf7 18. O-O-O d5 19. e4 fxe4 20. fxe4 dxe4 21. Nxe4 Nxe4 22. Bxe4 Nc5 23. Bg2 Rfe8 24. Rhe1 Na4 25. Nd3 Bxa2 26. b3 Nc3 27. Re7 Rxe7 28. Bxe7 Nxd1 29. Kxd1 a5 30. Nc5 a4 31. Nxa4 Bd4 32. Kd2 Re8 33. Bg5 Re6 34. Nc3 Bxc3+ 35. Kxc3 Bb1 36. Kd2 Bxc2 37. Bh3 Bxb3 38. Kc3 Re3+ 39. Bxe3 Be6 40. Bxe6+ Kf8 41. Bc5+ 1-0


[Site "https://www.chess.com"]

[Event "Titled Tuesday Blitz January 03 Early 2023"]
[White "Thomas, Anysia"]
[Black "Graca, Robert"]
[WhiteFideId "670472"]
[BlackFideId "644943"]
[WhiteElo "2147"]
[BlackElo "2270"]
[Result "0-1"]
[Round "01"]
[TimeControl "180+2"]
[Date "2023.01.03"]
[WhiteClock "0:00:07"]
[BlackClock "0:01:07"]

1. d4 Nf6 2. c4 a6 3. Nf3 c5 4. d5 b5 5. e4 Nxe4 6. cxb5 axb5 7. Nc3 Nxc3 8. bxc3 Ba6 9. Be2 d6 10. O-O g6 11. Rb1 Qa5 12. Bg5 Bg7 13. Re1 Ra7 14. Bd3 Bxc3 15. Re4 b4 16. Qe2 f6 17. Bh6 Bxd3 18. Qxd3 Nd7 19. Rbe1 Ne5 20. Nxe5 Bxe5 21. Kh1 Qa6 22. Qh3 f5 23. R4e3 Qc4 24. f4 Bf6 25. Bg5 Bxg5 26. fxg5 O-O 27. Qh6 Qxd5 28. h3 e5 29. h4 Rxa2 0-1


[Site "https://www.chess.com"]

[Event "Titled Tuesday Blitz January 03 Early 2023"]
[White "Sadykov, Ramil"]
[Black "Blindsplieler"]
[WhiteFideId "24113590"]
[WhiteElo "2345"]
[BlackElo "2071"]
[Result "1-0"]
[Round "01"]
[TimeControl "180+2"]
[Date "2023.01.03"]
[WhiteClock "0:00:21"]
[BlackClock "0:00:19"]

1. e4 e5 2. Nc3 Nf6 3. Bc4 Nc6 4. d3 Bc5 5. f4 d6 6. Nf3 exf4 7. Bxf4 Bg4 8. Na4 Nd4 9. Nxc5 dxc5 10. Bxf7+ Kf8 11. Bb3 Bxf3 12. gxf3 Nxb3 13. axb3 Qd4 14. c3 Qd7 15. O-O h5 16. Be3 b6 17. d4 cxd4 18. Qxd4 Qe7 19. e5 Nd7 20. f4 Nc5 21. b4 Nb3 22. Qd5 Nxa1 23. Qxa8+ Kf7 24. Qxh8 Qe6 25. Qxh5+ g6 26. Qh7+ Kf8 27. Rxa1 Qg4+ 28. Kf2 Qf5 29. Rd1 1-0


[Site "https://www.chess.com"]

[Event "Titled Tuesday Blitz January 03 Early 2023"]
[White "Fabris, Alberto"]
[Black "Leenhouts, Koen"]
[WhiteFideId "801348"]
[BlackFideId "1008439"]
[WhiteElo "2230"]
[BlackElo "2447"]
[Result "0-1"]
[Round "01"]
[TimeControl "180+2"]
[Date "2023.01.03"]
[WhiteClock "0:00:27"]
[BlackClock "0:01:17"]

1. e4 c5 2. Nf3 e6 3. d4 cxd4 4. Nxd4 Nc6 5. Nb5 d6 6. N1c3 a6 7. Na3 Nf6 8. Bg5 Be7 9. Be2 b5 10. Bxb5 axb5 11. Naxb5 O-O 12. Qd2 Ba6 13. O-O Bxb5 14. Nxb5 Nxe4 15. Bxe7 Nxd2 16. Bxd8 Nxf1 17. Bg5 h6 18. Bc1 Rfb8 19. Nxd6 Rd8 20. Ne4 Rd1 21. Nc3 Re1 22. f3 Ne3+ 23. Kf2 Nxc2 24. Rb1 Rh1 25. h3 N2b4 0-1


[Site "https://www.chess.com"]

[Event "Titled Tuesday Blitz January 03 Early 2023"]
[White "Bayo Milagro, Alvaro"]
[Black "Fajdetic, Hrvoje"]
[WhiteFideId "22275240"]
[BlackFideId "14501945"]
[WhiteElo "2287"]
[BlackElo "2151"]
[Result "1/2-1/2"]
[Round "01"]
[TimeControl "180+2"]
[Date "2023.01.03"]
[WhiteClock "0:00:31"]
[BlackClock "0:00:11"]

1. d4 e6 2. Nf3 f5 3. g3 Nf6 4. Bg2 Be7 5. O-O O-O 6. c4 d6 7. Nc3 Ne4 8. Qc2 Nxc3 9. Qxc3 Bf6 10. Rd1 Nc6 11. b4 Qe8 12. b5 Nd8 13. c5 d5 14. a4 Qh5 15. Bf4 c6 16. Qd3 g5 17. Bd6 Re8 18. Ne5 Nf7 19. bxc6 Bxe5 20. cxb7 Bxb7 21. dxe5 a5 22. Bf3 g4 23. Bg2 Ba6 24. Qe3 Qg5 25. Qxg5+ Nxg5 26. Kf1 Ne4 27. Bxe4 fxe4 28. Rab1 Ra7 29. c6 Rc8 30. c7 Kf7 31. Ke1 Ke8 32. Rd4 Kd7 33. Kd2 Bc4 34. Ke3 h5 35. Rb6 Ra6 36. Rb8 Rc6 37. Rd2 Ba6 38. Kf4 Rc4 39. Ra2 d4 40. Kxe4 d3+ 41. Ke3 dxe2 42. Rxe2 Rxa4 43. Rxc8 Bxc8 44. Rd2 Kc6 45. Rd4 Ra2 46. Rc4+ Kd7 47. Rc5 Ba6 48. Kf4 Rxf2+ 49. Kg5 Rxh2 50. Rxa5 Bc8 51. Ra3 Rh3 52. Rd3 h4 53. Kxg4 Rxg3+ 54. Rxg3 hxg3 55. Kxg3 Bb7 56. Kf4 Bc8 57. Ke3 Bb7 58. Kd4 Kc6 59. Kc4 Bc8 60. Kb4 Kb6 61. Kc4 Bd7 62. Kd4 Bc8 63. Ke4 Kc6 64. Kf4 Kd7 65. Kg5 Bb7 66. Kh4 Bc8 67. Kg3 Bb7 68. Kf2 Bc8 69. Ke1 Bb7 70. Kd2 Bc8 71. Kc3 Bb7 72. Kb4 Kc6 73. Ka5 Bc8 74. Kb4 Bb7 1/2-1/2


[Site "https://www.chess.com"]

[Event "Titled Tuesday Blitz January 03 Early 2023"]
[White "Osiecki, Stanislaw"]
[Black "Dev, Shah"]
[WhiteFideId "1102990"]
[BlackFideId "35019058"]
[WhiteElo "2055"]
[BlackElo "2334"]
[Result "0-1"]
[Round "01"]
[TimeControl "180+2"]
[Date "2023.01.03"]
[WhiteClock "0:01:38"]
[BlackClock "0:01:28"]

1. e4 e5 2. Nf3 Nc6 3. Bb5 a6 4. Bxc6 dxc6 5. O-O Bg4 6. h3 h5 7. d3 Qf6 8. Be3 Bxf3 9. Qxf3 Qxf3 10. gxf3 Bd6 11. Nd2 Ne7 12. Rfb1 g5 13. Kf1 f6 14. Ke2 Kd7 15. c4 c5 16. Nb3 b6 17. a4 a5 18. Nc1 Nc6 19. Na2 Rag8 20. Nc3 Nd4+ 21. Bxd4 exd4 22. Nd5 Ke6 23. f4 c6 24. f5+ Kf7 25. Nxb6 Rb8 26. Nd7 Rb7 27. Nxf6 Kxf6 28. Kd2 g4 29. hxg4 hxg4 30. Rg1 Rxb2+ 31. Kc1 Rxf2 32. Rxg4 Rh1+ 0-1


[Site "https://www.chess.com"]

[Event "Titled Tuesday Blitz January 03 Early 2023"]
[White "Mostbauer, Maximilian"]
[Black "Winkels, Marcel"]
[WhiteFideId "1626680"]
[BlackFideId "1003887"]
[WhiteElo "2167"]
[BlackElo "1960"]
[Result "1-0"]
[Round "01"]
[TimeControl "180+2"]
[Date "2023.01.03"]
[WhiteClock "0:01:21"]
[BlackClock "0:00:20"]

1. d4 Nf6 2. Nf3 g6 3. g3 Bg7 4. Bg2 d5 5. O-O O-O 6. b3 a5 7. Bb2 a4 8. c4 c6 9. Nbd2 Bf5 10. Ne5 Nbd7 11. Bc3 axb3 12. axb3 Rxa1 13. Qxa1 Ne4 14. Nxe4 Nxe5 15. dxe5 dxe4 16. e6 Bxc3 17. exf7+ Rxf7 18. Qxc3 Qc7 19. Rd1 e6 20. Qd4 e5 21. Qe3 Rd7 22. Rxd7 Qxd7 23. Bxe4 Bxe4 24. Qxe4 Qd1+ 25. Kg2 Qxb3 26. Qxe5 Qxc4 27. Qb8+ Kg7 28. Qxb7+ Kh6 29. Qe7 c5 30. f4 Qd4 31. g4 Qd5+ 32. Kh3 g5 33. Qf6# 1-0


[Site "https://www.chess.com"]

[Event "Titled Tuesday Blitz January 03 Early 2023"]
[White "Zainullina, Nataliya"]
[Black "Goltseva, Ekaterina"]
[WhiteFideId "4145488"]
[BlackFideId "24173770"]
[WhiteElo "2099"]
[BlackElo "2283"]
[Result "1/2-1/2"]
[Round "01"]
[TimeControl "180+2"]
[Date "2023.01.03"]
[WhiteClock "0:00:04"]
[BlackClock "0:00:04"]

1. Nf3 d5 2. d4 Nf6 3. c4 dxc4 4. Qa4+ Nbd7 5. Qxc4 a6 6. g3 b5 7. Qc2 Bb7 8. Bg2 e6 9. O-O Rc8 10. Nbd2 c5 11. dxc5 Bxc5 12. Qb1 O-O 13. b4 Ba7 14. Bb2 Qe7 15. a3 Nd5 16. Qd3 Rfd8 17. Rfc1 N7b6 18. Qd4 f6 19. Qg4 Na4 20. Bd4 Bxd4 21. Nxd4 f5 22. Qh4 Qxh4 23. gxh4 Kf7 24. N2f3 h6 25. h5 Kf6 26. e3 e5 27. Ne2 Ndc3 28. Nxc3 Nxc3 29. Kf1 Bd5 30. h4 Bc4+ 31. Ke1 Ne4 32. Bf1 Rd6 33. Bxc4 bxc4 34. Rc2 c3 35. Rac1 Rdc6 36. Ke2 Nd6 37. Ne1 Nb5 38. Ra2 e4 39. Nc2 Rc4 40. a4 Nd6 41. Rb1 Ke5 42. b5 axb5 43. axb5 Rb8 44. Nd4 Kd5 45. Rd1 Kc5 46. Ne6+ Kxb5 47. Rb1+ Rb4 48. Nd4+ Kc4 49. Rc1 f4 50. Nc6 Rb2+ 51. Rxb2 Rxb2+ 52. Ke1 f3 53. Ne5+ Kb3 54. Nc6 Nc4 55. Nd4+ Kb4 56. Nc6+ Kb3 57. Nd4+ Kb4 58. Nc6+ Kc5 59. Nd4 Kd5 60. Nc2 Ra2 61. Nd4 Rb2 62. Kd1 Kc5 63. Ke1 Kd5 1/2-1/2


[Site "https://www.chess.com"]

[Event "Titled Tuesday Blitz January 03 Early 2023"]
[White "Hirneise, Jens"]
[Black "Guevara Sanchez, Erick Marvin"]
[WhiteFideId "24614734"]
[BlackFideId "6700136"]
[WhiteElo "2277"]
[BlackElo "2073"]
[Result "1-0"]
[Round "01"]
[TimeControl "180+2"]
[Date "2023.01.03"]
[WhiteClock "0:00:29"]
[BlackClock "0:00:20"]

1. d4 d5 2. Nf3 Nf6 3. e3 e6 4. Bd3 c5 5. c3 Nc6 6. O-O Be7 7. Nbd2 O-O 8. Re1 b6 9. e4 dxe4 10. Nxe4 Bb7 11. dxc5 bxc5 12. Be3 Nxe4 13. Bxe4 Qc7 14. Qc2 f5 15. Bd3 Rfe8 16. Bc4 Bd6 17. Qxf5 Kh8 18. Bxe6 Ne7 19. Qh3 Ng6 20. Ng5 h6 21. Nf7+ Kh7 22. Bxh6 Rxe6 23. Rxe6 Qxf7 24. Bg5+ Kg8 25. Rxd6 Rf8 26. Qe6 Nf4 27. Bxf4 Qxe6 28. Rxe6 Rxf4 29. Re7 Bc6 30. Rxa7 Re4 31. Rc7 Bd5 32. Rxc5 Bb7 33. a4 Re2 34. Rb5 Bc6 35. Rb8+ Kh7 36. a5 Rxb2 37. Rxb2 1-0


[Site "https://www.chess.com"]

[Event "Titled Tuesday Blitz January 03 Early 2023"]
[White "Suduvasachmatai"]
[Black "Defend1r"]
[WhiteElo "2107"]
[BlackElo "2539"]
[Result "0-1"]
[Round "01"]
[TimeControl "180+2"]
[Date "2023.01.03"]
[WhiteClock "0:00:02"]
[BlackClock "0:00:28"]

1. e4 c5 2. c3 d5 3. exd5 Qxd5 4. d4 Nc6 5. Nf3 cxd4 6. cxd4 e5 7. Nc3 Bb4 8. Bd2 Bxc3 9. Bxc3 e4 10. Ne5 Nxe5 11. dxe5 Ne7 12. Qxd5 Nxd5 13. Bb5+ Bd7 14. Bxd7+ Kxd7 15. O-O-O Ke6 16. Bd4 b6 17. Rhe1 Rac8+ 18. Kb1 Kf5 19. f3 exf3 20. gxf3 Rhd8 21. Re4 Nf4 22. Rg1 Ne6 23. Bc3 Rd3 24. Rh4 h6 25. Rf1 Nf4 26. Kc2 Rcd8 27. Rg4 g5 28. h4 gxh4 29. Rxh4 h5 30. Rh2 b5 31. a3 R3d5 32. Rhh1 Rd3 33. Rf2 R8d5 34. Bd2 Kxe5 35. Bxf4+ Kxf4 36. Rxh5 Rxh5 37. Kxd3 Kg3 38. Rf1 Kg2 39. Rc1 Rf5 40. Rc7 a5 41. Ke4 Rxf3 42. Rc5 Rb3 43. Rg5+ Kf2 44. Rf5+ Ke2 45. Rxf7 Rxb2 46. Ra7 a4 47. Kd4 Kd2 48. Kc5 Kc3 49. Rb7 Kb3 50. Rxb5+ Kxa3 51. Ra5 Rc2+ 52. Kd4 Rc6 53. Ra8 Kb3 54. Kd5 Rc7 55. Rb8+ Ka2 56. Ra8 a3 57. Rb8 Ka1 58. Kd4 Rc2 59. Kd3 Rb2 60. Ra8 a2 61. Rh8 Rb1 62. Kc3 Rc1+ 63. Kb3 Kb1 0-1


[Site "https://www.chess.com"]

[Event "Titled Tuesday Blitz January 03 Early 2023"]
[White "Seemann, Jakub"]
[Black "Gutierrez Anaya, Yeison Joel"]
[WhiteFideId "21874697"]
[BlackFideId "3903273"]
[WhiteElo "2446"]
[BlackElo "2125"]
[Result "1-0"]
[Round "01"]
[TimeControl "180+2"]
[Date "2023.01.03"]
[WhiteClock "0:01:36"]
[BlackClock "0:00:02"]

1. Nf3 c5 2. e4 Nc6 3. d4 cxd4 4. Nxd4 Nf6 5. Nc3 e5 6. Ndb5 d6 7. Bg5 a6 8. Na3 b5 9. Nd5 Be7 10. Bxf6 Bxf6 11. c3 Ne7 12. Nxe7 Qxe7 13. Nc2 Bb7 14. Qd3 Bg5 15. Nb4 O-O 16. Be2 Qe6 17. h4 Bh6 18. Rd1 Rad8 19. Nd5 f5 20. Bf3 Kh8 21. exf5 Qxf5 22. Qxf5 Rxf5 23. Be4 Rf7 24. g3 Bxd5 25. Bxd5 Rc7 26. Ke2 b4 27. Kd3 bxc3 28. bxc3 Rc5 29. c4 Ra5 30. Ra1 Rf8 31. Rhf1 g5 32. hxg5 Bxg5 33. a4 Rb8 34. Rab1 Rxb1 35. Rxb1 Rxa4 36. Ke4 Kg7 37. Kf5 h6 38. Rb7+ Kf8 39. f4 exf4 40. gxf4 Bh4 41. Ke6 Ra1 42. Kxd6 Bg3 43. Rf7+ Ke8 44. Rf5 Rf1 45. Bc6+ Kd8 46. Rf8# 1-0


[Site "https://www.chess.com"]

[Event "Titled Tuesday Blitz January 03 Early 2023"]
[White "Tuleyeva-Aketayeva, Dana"]
[Black "Taichman, Ori"]
[WhiteFideId "13701932"]
[BlackFideId "2804069"]
[WhiteElo "2130"]
[BlackElo "2299"]
[Result "0-1"]
[Round "01"]
[TimeControl "180+2"]
[Date "2023.01.03"]
[WhiteClock "0:00:15"]
[BlackClock "0:01:27"]

1. Nf3 Nf6 2. g3 g6 3. Bg2 Bg7 4. O-O O-O 5. d4 d6 6. c4 Nc6 7. Nc3 Rb8 8. e4 Bg4 9. h3 Bxf3 10. Bxf3 Nd7 11. Be3 e5 12. d5 Nd4 13. Bg2 c5 14. Bxd4 cxd4 15. Nb5 Nb6 16. Rc1 a6 17. Na3 Qd7 18. Qc2 Bh6 19. Rcd1 Na4 20. Qe2 b5 21. cxb5 axb5 22. f4 Rfc8 23. Kh2 b4 24. Nc4 Qb5 25. Rc1 exf4 26. gxf4 Nc3 27. bxc3 Rxc4 28. cxd4 Rxc1 29. Qxb5 Rxb5 30. Rxc1 Bxf4+ 31. Kg1 Bxc1 32. Bf1 Be3+ 33. Kg2 Ra5 34. Bc4 Bxd4 35. Bb3 Be5 36. Kf2 Rc5 37. Ke2 Rc3 38. h4 Rh3 0-1


[Site "https://www.chess.com"]

[Event "Titled Tuesday Blitz January 03 Early 2023"]
[White "Cappelletto, Joshuaede"]
[Black "Cardozo Munar, Carlos Eduardo"]
[WhiteFideId "2824383"]
[BlackFideId "4409477"]
[WhiteElo "2266"]
[BlackElo "2043"]
[Result "1-0"]
[Round "01"]
[TimeControl "180+2"]
[Date "2023.01.03"]
[WhiteClock "0:00:55"]
[BlackClock "0:00:14"]

1. c4 Nf6 2. Nc3 g6 3. e4 d6 4. d4 Bg7 5. f3 O-O 6. Be3 Nbd7 7. Qd2 a6 8. Nge2 b5 9. cxb5 axb5 10. Nxb5 c5 11. Nbc3 cxd4 12. Nxd4 Ne5 13. Be2 Ba6 14. O-O Nc4 15. Bxc4 Bxc4 16. Rfc1 Nd7 17. b3 Ba6 18. Rc2 Ne5 19. Nd5 e6 20. Nb4 Bb7 21. Rac1 Qa5 22. a4 Rfc8 23. Rxc8+ Rxc8 24. Rxc8+ Bxc8 25. Nbc6 Qc7 26. Nxe5 Bxe5 27. Nb5 Qb8 28. f4 Bg7 29. Qxd6 Qxd6 30. Nxd6 Bd7 31. e5 Bf8 32. Bc5 f6 33. Ne4 Bxc5+ 34. Nxc5 Bc8 35. b4 fxe5 36. b5 Kf7 37. b6 exf4 38. a5 Ke7 39. a6 Kd6 40. b7 Bxb7 41. axb7 Kc7 42. Kf2 e5 43. Kf3 g5 44. h3 h5 45. Ne6+ Kxb7 46. Nxg5 Kc6 47. Ke4 Kd6 48. Nf3 Ke6 49. Nxe5 f3 50. Nxf3 1-0


[Site "https://www.chess.com"]

[Event "Titled Tuesday Blitz January 03 Early 2023"]
[White "Bryan, Jarod"]
[Black "Manukyan, Artyom"]
[WhiteFideId "2009617"]
[BlackFideId "13305786"]
[WhiteElo "2167"]
[BlackElo "2110"]
[Result "0-1"]
[Round "01"]
[TimeControl "180+2"]
[Date "2023.01.03"]
[WhiteClock "0:00:23"]
[BlackClock "0:01:24"]

1. e4 e6 2. Nf3 d5 3. e5 c5 4. b4 cxb4 5. d4 Nc6 6. a3 f6 7. axb4 Bxb4+ 8. c3 Be7 9. Bd3 Qc7 10. O-O fxe5 11. dxe5 Nxe5 12. Nxe5 Qxe5 13. Bb5+ Kf8 14. Qf3+ Nf6 15. Bf4 Qe4 16. Nd2 Qxf3 17. Nxf3 Ne4 18. Rfc1 a6 19. Ne5 g5 20. Be3 Bf6 21. Nd7+ Bxd7 22. Bxd7 Ke7 23. Ba4 Bxc3 24. Rab1 b5 25. f3 bxa4 26. fxe4 d4 27. Bxg5+ Kd7 28. Rb7+ Kc6 29. Re7 Rhe8 30. Rxh7 a3 31. Bf6 a2 32. Bxd4 a1=Q 33. Rxa1 Bxa1 34. Bxa1 a5 35. Kf2 a4 36. Rh3 a3 37. Rc3+ Kd7 38. Ke3 Reb8 39. Rc1 a2 40. Kd2 Rb1 41. h4 Rab8 42. Be5 Rxc1 43. Kxc1 Rb1+ 44. Kd2 a1=Q 45. Bxa1 Rxa1 46. Ke3 e5 47. Kf3 Ra3+ 48. Kg4 Ke6 49. h5 Kf6 50. g3 Re3 0-1


[Site "https://www.chess.com"]

[Event "Titled Tuesday Blitz January 03 Early 2023"]
[White "Colas, Joshua"]
[Black "Mitrovic, Darko R"]
[WhiteFideId "2044447"]
[BlackFideId "927023"]
[WhiteElo "2342"]
[BlackElo "2220"]
[Result "1-0"]
[Round "01"]
[TimeControl "180+2"]
[Date "2023.01.03"]
[WhiteClock "0:00:41"]
[BlackClock "0:00:01"]

1. Nf3 a5 2. e4 c6 3. Nc3 b5 4. a3 Na6 5. d4 Nc7 6. Bf4 e6 7. Bd3 d5 8. O-O Nf6 9. Re1 Be7 10. Qe2 O-O 11. Bxc7 Qxc7 12. exd5 Nxd5 13. Nxd5 cxd5 14. Bxb5 Bf6 15. Bd3 Rb8 16. Rab1 Bd7 17. b4 axb4 18. axb4 Rfc8 19. h3 h6 20. Ne5 Bxe5 21. Qxe5 Qxe5 22. dxe5 Bb5 23. Rb3 Bxd3 24. cxd3 Rc2 25. b5 Rb6 26. Ra1 Kh7 27. g4 Re2 28. Kg2 Rxe5 29. Ra6 Rxa6 30. bxa6 d4 31. Ra3 Rd5 32. a7 Rd8 33. a8=Q Rxa8 34. Rxa8 Kg6 35. f4 Kf6 36. Rd8 e5 37. Rd6+ Ke7 38. fxe5 f6 39. Rxd4 fxe5 40. Ra4 Kf6 41. Kf3 g6 42. h4 1-0


[Site "https://www.chess.com"]

[Event "Titled Tuesday Blitz January 03 Early 2023"]
[White "Necula, Iulian"]
[Black "Riff, Vincent"]
[WhiteFideId "1232380"]
[BlackFideId "617776"]
[WhiteElo "1851"]
[BlackElo "2383"]
[Result "0-1"]
[Round "01"]
[TimeControl "180+2"]
[Date "2023.01.03"]
[WhiteClock "0:00:01"]
[BlackClock "0:01:52"]

1. d4 Nf6 2. Nc3 d5 3. Bf4 e6 4. e3 Bb4 5. Ne2 O-O 6. a3 Be7 7. Ng3 a6 8. Bd3 c5 9. dxc5 Nbd7 10. b4 h6 11. Nf1 e5 12. Bg3 d4 13. Ne4 Nxe4 14. Bxe4 Nf6 15. f3 Nxe4 16. fxe4 Bf6 17. exd4 exd4 18. Qd3 Bd7 19. a4 Qe8 20. Nd2 Bxa4 21. O-O Bb5 22. Qf3 Bxf1 23. Rxf1 Bg5 24. Nb3 Be3+ 25. Kh1 Qe6 26. Re1 Qc4 0-1


[Site "https://www.chess.com"]

[Event "Titled Tuesday Blitz January 03 Early 2023"]
[White "Omelja, Artem"]
[Black "Aung Thant Zin"]
[WhiteFideId "14119846"]
[BlackFideId "13000063"]
[WhiteElo "2446"]
[BlackElo "2268"]
[Result "1-0"]
[Round "01"]
[TimeControl "180+2"]
[Date "2023.01.03"]
[WhiteClock "0:00:14"]
[BlackClock "0:00:02"]

1. e4 c5 2. Nf3 Nc6 3. Bb5 e6 4. O-O Nge7 5. Re1 a6 6. Bf1 d5 7. exd5 Nxd5 8. d4 Be7 9. c3 O-O 10. Na3 cxd4 11. Nxd4 Nxd4 12. Qxd4 Bxa3 13. bxa3 Bd7 14. Bb2 Bc6 15. c4 Nf6 16. Qf4 Qe7 17. Bc3 Rfd8 18. Bb4 Qe8 19. h3 Rd7 20. Re3 Rad8 21. Bc3 Qe7 22. Rg3 Ne8 23. Be2 f6 24. Re1 e5 25. Qh4 Qf8 26. Bh5 Nd6 27. f4 Nf5 28. Qg4 Nxg3 29. Qxg3 Rd3 30. Re3 Rxe3 31. Qxe3 e4 32. Be2 f5 33. Kf2 Rc8 34. c5 Bd5 35. Bd4 Qf7 36. g4 fxg4 37. Bxg4 Rf8 38. Kg3 g5 39. fxg5 Qc7+ 40. Kg2 Rf3 41. Bxf3 exf3+ 42. Kf1 1-0


[Site "https://www.chess.com"]

[Event "Titled Tuesday Blitz January 03 Early 2023"]
[White "AKINSEYE, Akinleye"]
[Black "Sielecki, Christof"]
[WhiteFideId "8504458"]
[BlackFideId "4620437"]
[WhiteElo "1797"]
[BlackElo "2419"]
[Result "0-1"]
[Round "01"]
[TimeControl "180+2"]
[Date "2023.01.03"]
[WhiteClock "0:00:50"]
[BlackClock "0:00:09"]

1. e4 c5 2. d4 cxd4 3. c3 dxc3 4. Nxc3 a6 5. Nf3 e6 6. Bc4 b5 7. Bd3 Nc6 8. a3 Bb7 9. O-O Nge7 10. Qe2 Ng6 11. Rd1 d6 12. Bg5 Be7 13. Bxe7 Qxe7 14. Rac1 O-O 15. Qe3 Rac8 16. Bb1 Rfd8 17. Ne2 h6 18. Ng3 Nce5 19. Nxe5 Nxe5 20. Rxc8 Rxc8 21. Ba2 Nc4 22. Bxc4 Rxc4 23. Rc1 Qc7 24. Rc3 Rxc3 25. Qxc3 Qxc3 26. bxc3 Kf8 27. f3 Ke7 28. Kf2 Kd7 29. Ke3 Kc6 30. Kd4 a5 31. Nh5 e5+ 32. Kd3 g6 33. Nf6 Bc8 34. Nd5 Be6 35. Nf6 h5 36. Nh7 f5 37. Ng5 f4 38. Nxe6 d5 39. Nf8 g5 40. Ng6 Kd6 41. h4 g4 42. exd5 Kxd5 43. Ne7+ Ke6 44. Nc6 Kd5 45. Nxa5 e4+ 46. fxe4+ Ke5 47. c4 g3 48. cxb5 f3 49. Ke3 fxg2 50. Nc4+ Ke6 51. b6 g1=Q+ 52. Kd3 Qd1+ 53. Kc3 Qe1+ 54. Kb3 Qb1+ 55. Ka4 g2 56. Ka5 g1=Q 57. b7 Qc5+ 0-1


[Site "https://www.chess.com"]

[Event "Titled Tuesday Blitz January 03 Early 2023"]
[White "Koutlas, Nikolaos"]
[Black "Tharushi, T H D Niklesha"]
[WhiteFideId "25827138"]
[BlackFideId "9918264"]
[WhiteElo "2341"]
[BlackElo "1570"]
[Result "1-0"]
[Round "01"]
[TimeControl "180+2"]
[Date "2023.01.03"]
[WhiteClock "0:00:55"]
[BlackClock "0:00:11"]

1. a3 e5 2. g3 d5 3. Bg2 Nf6 4. d3 Bd6 5. Nf3 Kf8 6. O-O c6 7. Nc3 h6 8. e4 d4 9. Ne2 g6 10. Nh4 Kg7 11. f4 exf4 12. gxf4 Nh5 13. Nf3 c5 14. Qe1 Bg4 15. e5 Be7 16. Ng3 Bh4 17. Nxh4 Qxh4 18. Nf5+ Bxf5 19. Qxh4 Nc6 20. Bf3 Rhg8 21. Kf2 Kh7 22. Bxh5 gxh5 23. Bd2 Bg4 24. h3 Bf5 25. Qxh5 Bg6 26. Qh4 Rae8 27. Rg1 Ne7 28. Rg5 Nf5 29. Rxf5 Bxf5 30. Qf6 Bxh3 31. f5 Rg2+ 32. Kf3 Reg8 33. Qxh6# 1-0


[Site "https://www.chess.com"]

[Event "Titled Tuesday Blitz January 03 Early 2023"]
[White "Vargas, Mauricio"]
[Black "Bodnaruk, Anastasia"]
[WhiteFideId "4404572"]
[BlackFideId "4181751"]
[WhiteElo "2035"]
[BlackElo "2350"]
[Result "0-1"]
[Round "01"]
[TimeControl "180+2"]
[Date "2023.01.03"]
[WhiteClock "0:00:02"]
[BlackClock "0:01:09"]

1. e4 c5 2. Nc3 d6 3. f4 g6 4. Nf3 Bg7 5. Bb5+ Bd7 6. Bxd7+ Qxd7 7. O-O Nc6 8. d3 e6 9. Ne2 Nge7 10. c3 O-O 11. Qe1 f5 12. Ng5 e5 13. Qh4 h6 14. Nf3 Kh7 15. exf5 Nxf5 16. Qh3 c4 17. dxc4 Rae8 18. g4 Nfe7 19. fxe5 Nxe5 20. Nxe5 Rxf1+ 21. Kxf1 dxe5 22. Be3 Qd3 23. Ke1 Rf8 24. Rd1 Qe4 25. Qg3 Rf3 26. Qh4 Rxe3 27. Kd2 Rxe2+ 28. Kc1 Qc2# 0-1


[Site "https://www.chess.com"]

[Event "Titled Tuesday Blitz January 03 Early 2023"]
[White "Hnydiuk, Aleksander"]
[Black "Mohammadian, Mohammad"]
[WhiteFideId "1109057"]
[BlackFideId "12566055"]
[WhiteElo "2363"]
[BlackElo "1398"]
[Result "1-0"]
[Round "01"]
[TimeControl "180+2"]
[Date "2023.01.03"]
[WhiteClock "0:02:14"]
[BlackClock "0:01:15"]

1. e4 e5 2. Nf3 Nc6 3. d4 exd4 4. Nxd4 Bc5 5. Nxc6 Qf6 6. Qf3 Qxf3 7. gxf3 bxc6 8. Rg1 g6 9. Be3 Bb6 10. Nc3 Ne7 11. O-O-O d6 12. h4 Be6 13. h5 O-O-O 14. f4 f5 15. Bh3 Rhg8 16. Rg5 gxh5 17. Rxh5 Rg7 18. exf5 Bf7 19. f6+ Kb8 20. fxe7 Bxh5 21. exd8=Q+ Kb7 22. Qc8# 1-0


[Site "https://www.chess.com"]